 Dungeon Crawl Stone Soup version 0.30-b1-2-g02819fbbbe (webtiles) character file.

Game seed: 14438106830360461215

2 LoneWolf the Trooper (level 1, -3/14 HPs)
             Began as a Gargoyle Berserker on Nov 25, 2023.
             Was a Follower of Trog.
             Slain by a goblin
             ... wielding a +3 mace
              (10 damage)
             ... on level 1 of the Dungeon.
             The game lasted 00:00:38 (76 turns).

LoneWolf the Trooper (Gargoyle Berserker)             Turns: 76, Time: 00:00:38

Health: -3/14      AC:  4    Str: 20    XL:     1   Next: 30%
Magic:  1/1        EV: 11    Int:  7    God:    Trog [*.....]
Gold:   18         SH:  0    Dex:  9    Spells: 0/0 levels left

rFire   . . .        a - +0 spear
rCold   . . .        (no shield)
rNeg    + . .        b - +0 animal skin
rPois   ∞            (no helmet)
rElec   +            (no cloak)
rCorr   .            (no gloves)
SInv    .            (no boots)
Will    .....        (no amulet)
Stlth   +            (no ring)
HPRegen 0.22/turn    (no ring)
MPRegen 0.07/turn

%: no passive effects
@: no status effects
A: sickness immunity, AC +2, negative energy resistance 1, electricity
resistance, torment resistance 1, petrification resistance
a: Renounce Religion, Berserk


You were on level 1 of the Dungeon.
You worshipped Trog.
Trog was aware of your devotion.
You visited 1 branch of the dungeon, and saw 1 of its levels.

You collected 18 gold pieces.

Inventory:

Hand Weapons
 a - a +0 spear (weapon)
 c - a +3 hand axe
Armour
 b - a +0 animal skin (worn)
Scrolls
 d - a scroll of identify {unknown}


   Skills:
 + Level 3.3 Fighting
 + Level 2.7 Polearms
 + Level 2.2 Armour
 + Level 1.5 Dodging


You couldn't memorise any spells.
You didn't know any spells.
Your spell library was empty.

Dungeon Overview and Level Annotations

Branches:
Dungeon (1/15)

Altars:


Innate Abilities, Weirdness & Mutations

You are immune to sickness and miasma.
Your stone body is resilient. (AC +2)
You are immune to poison.
You resist negative energy. (rN+)
You are resistant to electric shocks. (rElec)
You are resistant to unholy torment.
You are immune to petrification.


Message History

Things that are here:
a +0 club; a goblin corpse
d - a scroll labelled WUREAN ATZA
There are no items here.
You now have 18 gold pieces (gained 10).
There are no items here.
HP restored.
Found a scroll labelled WUREAN ATZA and 7 gold pieces.
A hobgoblin comes into view.
The hobgoblin shouts!
You hit the hobgoblin.
The hobgoblin is severely wounded.
The hobgoblin closely misses you.
You closely miss the hobgoblin.
The hobgoblin is heavily wounded.
The hobgoblin hits you.
You hit the hobgoblin but do no damage.
The hobgoblin is heavily wounded.
The hobgoblin closely misses you.
You barely miss the hobgoblin.
The hobgoblin is heavily wounded.
The hobgoblin hits you.
You hit the hobgoblin.
You kill the hobgoblin!
Trog accepts your kill.
A goblin comes into view. It is wielding a +3 mace.
There are no items here.
Found 12 gold pieces.
The goblin shouts!
You see here a hobgoblin corpse.
Found a club.
You see here a scroll labelled WUREAN ATZA.
You closely miss the goblin. The goblin hits you with a +3 mace.
You hit the goblin but do no damage. The goblin closely misses you.
You closely miss the goblin. The goblin hits you but does no damage.
You hit the goblin.
The goblin is moderately wounded.
The goblin hits you with a +3 mace!
Ouch! That really hurt!
You die...

#..........#
#...# #.>.#
#.⌠.
#..........#
#...# #...#
#...
#...#..#####
##### #####
#### #.###..#
#......####
#.....#....###
#.###.####...##
# # #.
###†.###.... #.
##@$...P.P
....)..g...P~P~
#######....P~~P
#....PP♣♣
#...P~~♣
#$..P~P♣
#...P~P♣
#..P~~~~


You could see a goblin.

Vanquished Creatures
  A hobgoblin (D:1)
  A goblin (D:1)
2 creatures vanquished.

Notes
Turn   | Place    | Note
-------+----------+-------------------------------------------
     0 | D:1      | LoneWolf the Gargoyle Berserker began the quest for the
                  | Orb.
     0 | D:1      | Reached XP level 1. HP: 14/14 MP: 1/1
    76 | D:1      | Slain by a goblin

Illustrated notes

Levels and vault maps discovered:
D:1:      minmay_arrival_hallway, layout_basic, hex_tiny, serial_bayou_pond_c,
          hangedman_decor_riveting

Action                     || total
---------------------------++-------
  Melee: Spear             ||    13
 Armour: Animal skin       ||     1
  Dodge: Dodged            ||     5
